 Dungeon Crawl Stone Soup version 0.31.0-11-ge490571c62 (webtiles) character file.

Game seed: 13983832150630192879

1923 qw the Nimble (level 8, -7/41 HPs)
             Began as a Spriggan Hunter on Feb 4, 2024.
             Mangled by a water moccasin (9 damage)
             ... on level 6 of the Dungeon.
             The game lasted 00:00:21 (4767 turns).

qw the Nimble (Spriggan Hunter)                     Turns: 4767, Time: 00:00:22

Health: -7/41      AC:  3    Str:  7    XL:     8   Next: 96%
Magic:  9/9        EV: 28    Int: 10    God:
Gold:   410        SH:  0    Dex: 26    Spells: 7/7 levels left

rFire   + . .        a - +2 shortbow (heavy)
rCold   . . .        (shield currently unavailable)
rNeg    + . .        k - +1 robe "Jelosope" {rN+ Dex+5 Slay-2}
rPois   .            (helmet restricted)
rElec   .            (no cloak)
rCorr   .            (gloves unavailable)
SInv    +            (boots unavailable)
Will    +....        (no amulet)
Stlth   ++           f - ring of protection from fire
HPRegen 0.26/turn    (no ring)
MPRegen 0.11/turn

%: no passive effects
@: lethally poisoned (-7 -> -12), very quick
A: very small, no large weapons, unfitting armour, see invisible, speed 3
a: no special abilities


You were on level 6 of the Dungeon.
You visited 1 branch of the dungeon, and saw 6 of its levels.

You collected 410 gold pieces.


Innate Abilities, Weirdness & Mutations

You are very small and have problems with some larger weapons.
You are too small for most types of armour.
You have supernaturally acute eyesight. (SInv)
You cover ground extremely quickly. (Speed+++)


   Skills:
 - Level 3.6 Fighting
 + Level 9.0 Ranged Weapons
 - Level 10.1 Dodging
 - Level 1.5 Stealth


You had 7 spell levels left.
You didn't know any spells.
Your spell library was empty.

Inventory:

Hand Weapons
 a - a +2 heavy shortbow (weapon)
Armour
 c - a scarf of harm
 k - the +1 robe "Jelosope" (worn) {rN+ Dex+5 Slay-2}
   (You found it on level 5 of the Dungeon)

   Dex+5:     It affects your dexterity (+5).
   Slay-2:    It affects your accuracy & damage with ranged weapons and melee
   (-2).
   rN+:       It protects you from negative energy.
Jewellery
 e - a ring of fire
 f - a ring of protection from fire (left hand)
 h - a ring of magical power
Wands
 b - a wand of roots (6)
Scrolls
 l - a scroll of enchant armour {unknown}
 m - a scroll of identify
Potions
 d - a potion of resistance
 g - a potion of haste
 i - 2 potions of enlightenment
 j - 2 potions of curing {unknown}

Dungeon Overview and Level Annotations

Branches:
Dungeon (6/15)
 Temple: D:4-7

Altars:
Elyvilon
Fedhas
Hepliaklqana
Ru
Sif Muna
Vehumet
Yredelemnul
The Shining One

Annotations:
D:6 1 runed translucent door, Crazy Yiuf


Message History

The ufetubus completely misses you.
The ufetubus hits you but does no damage.
The ufetubus completely misses you. The ufetubus misses you.
You hear a shout!
You shoot an arrow.
The arrow hits the ufetubus but does no damage.
You hear an angry hiss. x2
A water moccasin comes into view.
The ufetubus barely misses you. The ufetubus completely misses you.
The ufetubus hits you but does no damage.
The ufetubus barely misses you.
You shoot an arrow. The arrow barely misses the ufetubus.
The ufetubus completely misses you. The ufetubus misses you. x2
The ufetubus completely misses you.
You shoot an arrow. The arrow hits the ufetubus!!
You kill the ufetubus!
You hear an angry hiss.
The water moccasin misses you.
You shoot an arrow.
The arrow closely misses the water moccasin.
The water moccasin closely misses you. The water moccasin bites you.
You are lethally poisoned!
The water moccasin poisons you!
You shoot an arrow.
The arrow closely misses the water moccasin.
You feel very sick.
You hear an angry hiss.
The water moccasin closely misses you.
An ice beast comes into view.
The water moccasin completely misses you.
You shoot an arrow.
The arrow barely misses the water moccasin.
You feel very sick.
The water moccasin completely misses you.
You shoot an arrow. The arrow hits the water moccasin!
The water moccasin is moderately wounded.
You feel very sick.
You hear an angry hiss.
You hear a shout!
The water moccasin bites you!
You die...

# ....#o $...#.#
....#S# # ...#)S# )# #
#. ..#
#.##O$##!?#.#.#.#..###
#..###SY(##.#.#.......
#...@####..#.........
##.#......##.#.....#
#.###.......#....#
#.###.......#....#
#...........#....#
.#######.#.>.>.......#
................##.#.#
..............<......#
#########.....).##..##


You could see a water moccasin and an ice beast.

Vanquished Creatures
  Grinder (D:3)
  Sigmund (D:3)
  A black bear (D:6)
  3 ogres (D:4)
  A scorpion (D:5)
  5 wights (D:6)
  A howler monkey (D:4)
  A hound (D:6)
  2 bombardier beetles
  2 jellies
  2 orc priests (D:3)
  3 sleepcaps
  3 iguanas
  Jessica (D:2)
  Ijyb (D:3)
  Terence (D:3)
  7 orc wizards
  5 gnolls
  8 adders
  A shadow imp (D:4)
  A white imp (D:5)
  2 ufetubi (D:6)
  2 ribbon worms (D:4)
  2 dart slugs (D:1)
  18 orcs
  5 bats
  5 endoplasms
  2 giant cockroaches
  5 goblins
  9 hobgoblins
  5 jackals
  7 kobolds
  3 quokkas
  5 ball pythons
  4 frilled lizards
  8 rats
133 creatures vanquished.

Notes
Turn   | Place    | Note
-------+----------+-------------------------------------------
     0 | D:1      | qw the Spriggan Hunter began the quest for the Orb.
     0 | D:1      | Reached XP level 1. HP: 10/10 MP: 2/2
     0 | D:1      | 0 ||| qw: Version: 0.3-a-160-g6735b56
     0 | D:1      | 0 ||| qw: Game counter: 4498
     0 | D:1      | 0 ||| qw: Melee chars always use a shield: true
     0 | D:1      | 0 ||| qw: God list: Okawaru
     0 | D:1      | 0 ||| qw: Allow faded altars: false
     0 | D:1      | 0 ||| qw: Do Orc after clearing Dungeon:15 true
     0 | D:1      | 0 ||| qw: Do second Lair branch before Depths: true
     0 | D:1      | 0 ||| qw: Lair rune preference: random
     0 | D:1      | 0 ||| qw: Goals: Normal
     0 | D:1      | 0 ||| PLANNING D:1-11
    20 | D:1      | Reached skill level 3 in Dodging
    20 | D:1      | Reached XP level 2. HP: 9/14 MP: 3/3
    24 | D:1      | Reached skill level 4 in Dodging
   185 | D:1      | Reached XP level 3. HP: 17/18 MP: 4/4
   397 | D:1      | Found a faded altar of an unknown god.
   493 | D:1      | 493 ||| READING scroll labelled DOQIURAUMMI.
   493 | D:1      | 493 ||| BRANDING +0 shortbow.
   494 | D:1      | 494 ||| READING scroll labelled PIFE PYXIFRU.
   494 | D:1      | 494 ||| IDENTIFYING fizzy cyan potion
   495 | D:1      | 495 ||| READING scroll labelled ZULAOCW PIPTA.
   496 | D:1      | 496 ||| READING scroll labelled TUASMA CIYMEO.
   497 | D:1      | 497 ||| READING scroll labelled GEREPE XATZO.
   498 | D:1      | 498 ||| DROPPING scroll of butterflies.
   499 | D:1      | 499 ||| DROPPING potion of ambrosia.
   555 | D:2      | Noticed Jessica
   562 | D:2      | Killed Jessica
   563 | D:2      | Reached XP level 4. HP: 22/22 MP: 5/5
   935 | D:2      | Reached skill level 5 in Dodging
  1211 | D:3      | Noticed Sigmund
  1217 | D:3      | Killed Sigmund
  1218 | D:3      | Reached skill level 3 in Fighting
  1218 | D:3      | Reached XP level 5. HP: 20/28 MP: 6/6
  1218 | D:3      | Reached XP level 6. HP: 23/32 MP: 7/7
  1446 | D:3      | Found a glowing golden altar of the Shining One.
  1545 | D:3      | 1545 ||| DRINKING smoky silvery potion.
  1546 | D:3      | 1546 ||| DRINKING puce potion.
  1547 | D:3      | 1547 ||| DRINKING 2 sedimented cyan potions.
  1548 | D:3      | 1548 ||| DRINKING white potion.
  1562 | D:3      | Reached skill level 6 in Ranged Weapons
  1660 | D:3      | Noticed Ijyb
  1672 | D:3      | HP: 6/32 [constriction (6)]
  1674 | D:3      | Killed Ijyb
  1847 | D:3      | Noticed Grinder
  1859 | D:3      | Killed Grinder
  1860 | D:3      | Reached skill level 7 in Dodging
  1860 | D:3      | Reached XP level 7. HP: 36/36 MP: 8/8
  1898 | D:3      | Noticed Terence
  1901 | D:3      | Killed Terence
  1939 | D:3      | 1939 ||| FLEEEEING.
  1940 | D:3      | 1940 ||| FLEEEEING.
  1941 | D:3      | 1941 ||| FLEEEEING.
  1942 | D:3      | 1942 ||| FLEEEEING.
  1943 | D:3      | 1943 ||| FLEEEEING.
  1944 | D:3      | 1944 ||| FLEEEEING.
  1947 | D:3      | 1947 ||| FLEEEEING.
  1948 | D:3      | 1948 ||| FLEEEEING.
  1951 | D:3      | 1951 ||| FLEEEEING.
  1952 | D:3      | 1952 ||| FLEEEEING.
  1953 | D:3      | 1953 ||| FLEEEEING.
  1954 | D:3      | 1954 ||| FLEEEEING.
  1955 | D:3      | 1955 ||| FLEEEEING.
  1956 | D:3      | 1956 ||| FLEEEEING.
  1957 | D:3      | 1957 ||| FLEEEEING.
  1958 | D:3      | 1958 ||| FLEEEEING.
  2032 | D:3      | 2032 ||| FLEEEEING.
  2034 | D:3      | 2034 ||| FLEEEEING.
  2036 | D:3      | 2036 ||| FLEEEEING.
  2041 | D:3      | 2041 ||| FLEEEEING.
  2042 | D:3      | 2042 ||| FLEEEEING.
  2044 | D:3      | 2044 ||| FLEEEEING.
  2049 | D:3      | 2049 ||| FLEEEEING.
  2050 | D:3      | 2050 ||| FLEEEEING.
  2051 | D:3      | 2051 ||| FLEEEEING.
  2054 | D:3      | 2054 ||| FLEEEEING.
  2055 | D:3      | 2055 ||| FLEEEEING.
  2056 | D:3      | 2056 ||| FLEEEEING.
  2057 | D:3      | 2057 ||| FLEEEEING.
  2058 | D:3      | 2058 ||| FLEEEEING.
  2059 | D:3      | 2059 ||| FLEEEEING.
  2060 | D:3      | 2060 ||| FLEEEEING.
  2064 | D:3      | 2064 ||| STAIRDANCE
  2087 | D:2      | 2087 ||| FLEEEEING.
  2088 | D:2      | 2088 ||| FLEEEEING.
  2089 | D:2      | 2089 ||| FLEEEEING.
  2090 | D:2      | 2090 ||| FLEEEEING.
  2091 | D:2      | 2091 ||| FLEEEEING.
  2092 | D:2      | 2092 ||| FLEEEEING.
  2093 | D:2      | 2093 ||| FLEEEEING.
  2094 | D:2      | 2094 ||| FLEEEEING.
  2095 | D:2      | 2095 ||| FLEEEEING.
  2100 | D:2      | 2100 ||| FLEEEEING.
  2101 | D:2      | 2101 ||| FLEEEEING.
  2102 | D:2      | 2102 ||| FLEEEEING.
  2104 | D:2      | 2104 ||| FLEEEEING.
  2105 | D:2      | 2105 ||| FLEEEEING.
  2106 | D:2      | 2106 ||| FLEEEEING.
  2107 | D:2      | 2107 ||| FLEEEEING.
  2108 | D:2      | 2108 ||| FLEEEEING.
  2109 | D:2      | 2109 ||| FLEEEEING.
  2122 | D:2      | 2122 ||| UPGRADING to ring of protection from fire.
  2123 | D:2      | 2123 ||| READING 3 scrolls of identify.
  2123 | D:2      | 2123 ||| IDENTIFYING scroll labelled DAYDIG ROGIZIU
  2124 | D:2      | 2124 ||| READING scroll of enchant weapon.
  2124 | D:2      | 2124 ||| ENCHANTING +0 shortbow of flaming.
  2457 | D:3      | 2457 ||| READING 2 scrolls of identify.
  2457 | D:3      | 2457 ||| IDENTIFYING scroll labelled MEFRITR MOFOWI
  2458 | D:3      | 2458 ||| DROPPING scroll of silence.
  2483 | D:4      | Found a white marble altar of Elyvilon.
  2611 | D:4      | Found a sacrificial altar of Ru.
  2651 | D:4      | 2651 ||| READING scroll of brand weapon.
  2651 | D:4      | 2651 ||| BRANDING +1 shortbow of flaming.
  2667 | D:4      | Found a hazy altar of Hepliaklqana.
  2667 | D:4      | Found a basalt altar of Yredelemnul.
  2670 | D:4      | 2670 ||| READING scroll of identify.
  2670 | D:4      | 2670 ||| IDENTIFYING scroll labelled DUXZAJ TEHASA
  2671 | D:4      | 2671 ||| READING scroll labelled ROUSEB JIEWU.
  2672 | D:4      | 2672 ||| DROPPING scroll of fear.
  2674 | D:4      | 2674 ||| Stepping ~*~*~tactically~*~*~ (cloud).
  2959 | D:4      | 2959 ||| READING scroll of enchant weapon.
  2959 | D:4      | 2959 ||| ENCHANTING +1 heavy shortbow.
  2993 | D:4      | Reached XP level 8. HP: 41/41 MP: 9/9
  2998 | D:4      | 2998 ||| FLEEEEING.
  2999 | D:4      | 2999 ||| FLEEEEING.
  3143 | D:4      | Found a shimmering blue altar of Sif Muna.
  3379 | D:4      | 3379 ||| READING scroll of identify.
  3379 | D:4      | 3379 ||| IDENTIFYING 3 scrolls labelled VARRUI ZYEHI
  3380 | D:4      | 3380 ||| DROPPING 3 scrolls of blinking.
  3407 | D:5      | Entered Level 5 of the Dungeon
  3747 | D:5      | Reached skill level 8 in Dodging
  3977 | D:5      | Identified the +1 robe "Jelosope" {rN+ Dex+5 Slay-2}
  4292 | D:5      | 4292 ||| UPGRADING to +1 robe "Jelosope" {rN+ Dex+5
                  | Slay-2}.
  4302 | D:5      | 4302 ||| DROPPING +0 robe.
  4303 | D:5      | 4303 ||| READING scroll labelled ZAOG TIADAUGITOGO.
  4304 | D:5      | 4304 ||| DRINKING 2 emerald potions.
  4305 | D:5      | 4305 ||| DROPPING potion of attraction.
  4333 | D:6      | 4333 ||| STAIRDANCE
  4391 | D:6      | Reached skill level 9 in Dodging
  4402 | D:6      | Reached skill level 9 in Ranged Weapons
  4408 | D:6      | Found a blossoming altar of Fedhas.
  4563 | D:6      | Found a runed translucent door.
  4564 | D:6      | Noticed Crazy Yiuf
  4643 | D:6      | Found a radiant altar of Vehumet.
  4753 | D:6      | 4753 ||| RETREEEEATING.
  4760 | D:6      | Reached skill level 10 in Dodging
  4765 | D:6      | HP: 8/41 [poisoned by a water moccasin]
  4767 | D:6      | HP: 2/41 [poisoned by a water moccasin]
  4767 | D:6      | Mangled by a water moccasin

Levels and vault maps discovered:
D:1:      moated_graveyard_arrival, layout_rooms,
          hellmonk_ecumenical_altar_slurped_away, chequers_decorated_corner
D:2:      layout_loops_ring, minmay_fountain_box, uniq_jessica
D:3:      layout_loops_ring, marbit_many_paths, serial_bayou,
          serial_bayou_pond_d, serial_bayou_lake_a, serial_bayou_lagoon_a,
          serial_bayou_shore_b, uniq_ijyb, uniq_terence, uniq_grinder,
          uniq_sigmund
D:4:      minmay_bubble_buster, layout_basic, hangedman_ru_absence,
          nicolae_elyvilon_peaceful_grove, jmf_multi_god_temple,
          mainiacjoe_overflow_paths, kennysheep_minor_cross,
          nicolae_concentric_dashed_squares_wild
D:5:      layout_basic
D:6:      layout_loops_ring, lemuel_coloured_pillars_altar,
          amcnicky_altar_gilded, minmay_alternating_orb, uniq_crazy_yiuf_cottage

Skill      XL: |  1  2  3  4  5  6  7  8 |
---------------+-------------------------+-----
Dodging        | 3 4 5 7 10 | 10.1
Ranged Weapons | 5 6 7 9 |  9.0
Fighting       | 3 |  3.6
Stealth        | |  1.5

Action                     |  1- 3 |  4- 6 |  7- 9 || total
---------------------------+-------+-------+-------++-------
   Fire: Shortbow          |    73 |   126 |   191 ||   390
    Use: Scroll            |     5 |       |     9 ||    14
         Potion            |       |     4 |     1 ||     5
 Armour: Robe              |     5 |    13 |    28 ||    46
  Dodge: Dodged            |    25 |    61 |    95 ||   181

Table legend:
 A = Non-vault XP
 B = Vault XP
 C = Vault XP percentage of total XP
 D = Non-vault monster count
 E = Vault monster count
 F = Vault count percentage of total count
                 A         B        C        D         E       F
            +---------+---------+-------+---------+---------+-------
      Total |    1804 |     944 |  34.4 |     112 |      21 |  15.8
            +---------+---------+-------+---------+---------+-------
        D:1 |      46 |       2 |   4.2 |      17 |       1 |   5.6
        D:2 |      83 |      37 |  30.8 |      25 |       1 |   3.8
        D:3 |     272 |     572 |  67.8 |      22 |       5 |  18.5
        D:4 |     411 |     202 |  33.0 |      16 |      12 |  42.9
        D:5 |     376 |       0 |   0.0 |      11 |       0 |   0.0
        D:6 |     616 |     131 |  17.5 |      21 |       2 |   8.7
            +---------+---------+-------+---------+---------+-------
